 Dungeon Crawl Stone Soup version 0.30-a0-883-g5ad918d77d (webtiles) character file.

Game seed: 5269917968510342186

79 Hubris850 the Stinger (level 4, -2/30 HPs)
             Began as a Formicid Venom Mage on Mar 16, 2023.
             Killed by divine providence
             ... invoked by an orc priest
              (15 damage)
             ... on level 2 of the Dungeon.
             The game lasted 00:05:15 (1490 turns).

Hubris850 the Stinger (Formicid Venom Mage)         Turns: 1490, Time: 00:05:16

Health: -2/30      AC:  2    Str: 10 (13) XL:     4   Next: 62%
Magic:  3/9        EV: 12    Int: 14 (16) God:
Gold:   85         SH:  0    Dex: 13 (14) Spells: 6/9 levels left

rFire   . . .      SeeInvis +    f - +0 short sword
rCold   . . .      Faith    .    (no shield)
rNeg    . . .      Spirit   .    a - +0 robe
rPois   .          Reflect  .    (helmet unavailable)
rElec   .          Rampage  .    (no cloak)
rCorr   .                        (no gloves)
Will    .....                    (no boots)
Stlth   ++                       l - amulet of the acrobat
HPRegen 0.25/turn                (no ring)
MPRegen 0.11/turn                (no ring)

@: no status effects
A: permanent stasis, dig shafts and tunnels, antennae 3, four strong arms
a: Dig, Shaft Self


You were on level 2 of the Dungeon.
You visited 1 branch of the dungeon, and saw 2 of its levels.

You collected 85 gold pieces.

Inventory:

Hand Weapons
 c - a +0 whip
 f - a +0 short sword (weapon)
Missiles
 h - 6 poisoned darts
Armour
 a - a +0 robe (worn)
Magical Staves
 d - a staff of conjuration
Jewellery
 i - a ring of ice
 j - an amulet of faith
 l - an amulet of the acrobat (around neck)
Scrolls
 e - 2 scrolls of identify {unknown}
 n - a scroll of vulnerability {unknown}
Potions
 b - a potion of magic
 g - a potion of brilliance {unknown}
 k - a potion of degeneration
 m - a potion of flight {unknown}
 o - a potion of heal wounds {unknown}
 p - a potion of resistance {unknown}


   Skills:
 - Level 1.7 Dodging
 - Level 2.4 Stealth
 + Level 3.4 Spellcasting
 - Level 2.0 Transmutations
 + Level 5.2 Poison Magic


You had 6 spell levels left.
You knew the following spells:

 Your Spells              Type           Power      Damage    Failure   Level
a - Sting                 Tmut/Pois      48%        1d5       4%          1
b - Poisonous Vapours     Pois/Air       18%        N/A       11%         2

Your spell library contained the following spells:

 Spells                   Type           Power      Damage    Failure   Level
 Olgreb's Toxic Radiance  Pois           17%        N/A       24%         4
 Mephitic Cloud           Conj/Pois/Air  7%         N/A       30%         3
 Yara's Violent Unravell  Hex/Tmut       2%         3d3       98%         5
 Enfeeble                 Hex            1%         N/A       100%        7


Dungeon Overview and Level Annotations

Branches:
Dungeon (2/15)

Altars:


Innate Abilities, Weirdness & Mutations

You cannot be hasted, slowed, berserked, paralysed or teleported.
You can dig through walls and to a lower floor.
You have a pair of large antennae on your head. (SInv)
Your four strong arms can wield two-handed weapons with a shield.


Message History

An adder comes into view.
An orc priest comes into view. It is wielding a +0 club.
The orc priest closely misses you.
The sting hits the orc.
The orc looks even sicker.
You kill the orc!
The sting hits the orc priest but does no damage.
The orc priest looks even sicker.
The orc priest is lightly wounded.
The orc priest hits you with a +0 club.
Casting: Sting (safe; 4% risk of failure)
Confirm with . or Enter, or press ? or * to list all spells.
Aiming: Sting (safe; 4% risk of failure)
Press: ? - help, Shift-Dir - straight line, f - orc priest, p - orc priest
Aim: an orc priest, wielding a +0 club (71% to hit)
The sting hits the orc priest.
The orc priest is poisoned.
The orc priest is moderately wounded.
The dart slug bites you.
A rat comes into view.
The orc priest closely misses you. The orc priest barely misses you.
Casting: Sting (safe; 4% risk of failure)
Confirm with . or Enter, or press ? or * to list all spells.
Aiming: Sting (safe; 4% risk of failure)
Press: ? - help, Shift-Dir - straight line, f/p - orc priest
Aim: an orc priest, wielding a +0 club (moderately wounded, poisoned, 71% to hit)
The sting hits the orc priest.
The orc priest looks even sicker.
The orc priest is heavily wounded.
The orc priest calls down the wrath of Beogh upon you.
Beogh smites you! The orc priest hits you with a +0 club.
The dart slug closely misses you.
You barely miss the orc priest.
The orc priest is lightly wounded.
The orc priest closely misses you.
The orc priest begins to cast a cantrip, but forgets the words!
You hit the orc priest.
The orc priest is almost dead.
The dart slug closely misses you. The orc priest hits you with a +0 club.
The orc priest mumbles some strange prayers to Beogh against you.
Beogh smites you!
Ouch! That really hurt!
You die...

#.............)...
#..##...#....####.
{ #.# #...#....#
##
#.###..##....#####
#......###........
#.....## #...#....
#...### #...#....
#.#### ##..##...
#@oS.# #..####.
#ow.....# ##......
.Sg...... ##.....
.#........ ###...
#.#.###r### #### #
#.# ... # #.# ...
#.# ..


You could see 2 orc priests, 2 adders, a dart slug, a hobgoblin and a rat.

Vanquished Creatures
  3 adders (D:2)
  A worm (D:2)
  An orc (D:2)
  6 ball pythons
  An endoplasm (D:1)
  3 giant cockroaches (D:1)
  8 goblins
  4 hobgoblins
  3 jackals (D:1)
  5 kobolds
  2 quokkas (D:1)
  A bat (D:2)
  2 frilled lizards (D:2)
  5 rats
45 creatures vanquished.

Notes
Turn   | Place    | Note
-------+----------+-------------------------------------------
     0 | D:1      | Hubris850 the Formicid Venom Mage began the quest for the
                  | Orb.
     0 | D:1      | Reached XP level 1. HP: 13/13 MP: 3/3
   174 | D:1      | Reached XP level 2. HP: 19/19 MP: 0/5
   588 | D:1      | Reached XP level 3. HP: 24/24 MP: 4/7
   596 | D:1      | Learned a level 2 spell: Poisonous Vapours
  1240 | D:2      | Reached XP level 4. HP: 30/30 MP: 6/8
  1272 | D:2      | Reached skill level 5 in Poison Magic
  1490 | D:2      | Killed from afar by an orc priest

Illustrated notes

Levels and vault maps discovered:
D:1:      giann_bridges, layout_loops_ring
D:2:      minmay_recursive_quarters, layout_loops_ring

Skill      XL: |  1  2  3  4 |
---------------+-------------+-----
Transmutations | 2 |  2.0
Spellcasting   | 3 |  3.4
Poison Magic   | 5 |  5.2
Dodging        | |  1.7
Stealth        | |  2.4

Action                     |  1- 3 |  4- 6 || total
---------------------------+-------+-------++-------
  Melee: Whip              |     6 |       ||     6
         Short sword       |    32 |    15 ||    47
   Cast: Sting             |    46 |    23 ||    69
    Use: Potion            |       |     2 ||     2
   Stab: Sleeping          |     2 |       ||     2
 Armour: Robe              |     1 |     2 ||     3
  Dodge: Dodged            |    28 |    20 ||    48

Table legend: (Time is in decaauts)
 A = Elapsed time spent in this place.
 B = Non-inter-level travel time spent in this place.
 C = Inter-level travel time spent in this place.
 D = Time resting spent in this place.
 E = Time spent auto-exploring this place.
 F = Levels seen in this place.
 G = Mean time per level.
                   A        B        C        D        E       F      G
               +--------+--------+--------+--------+--------+-----+--------+
         Total |   1489 |   1475 |     14 |     54 |   1100 |   2 |  744.5 |
       Dungeon |   1489 |   1475 |     14 |     54 |   1100 |   2 |  744.5 |
               +--------+--------+--------+--------+--------+-----+--------+

Top non-repeatable levels by time:
     D:1: 1067 daAuts
     D:2: 421 daAuts
